 Dungeon Crawl Stone Soup version 0.23.0 (webtiles) character file.

Game seed: 200818714056817598

333 TheGoonsmith the Cutter (level 6, -1/38 HPs)
             Began as a Kobold Abyssal Knight on Feb 15, 2019.
             Was a Believer of Lugonu.
             Slain by a phantom (4 damage)
             ... on level 5 of the Dungeon.
             The game lasted 00:06:21 (3000 turns).

TheGoonsmith the Cutter (Kobold Abyssal Knight)     Turns: 3000, Time: 00:06:21

Health: -1/38      AC:  5    Str: 10    XL:     6   Next: 82%
Magic:  7/7        EV: 20    Int: 14    God:    Lugonu [**....]
Gold:   233        SH:  0    Dex: 20    Spells: 2/5 levels left

rFire    . . .     SeeInvis .   h - +2 dagger (venom)
rCold    . . .     Gourm    .   (shield restricted)
rNeg     . . .     Faith    .   d - +0 ring mail
rPois    .         Spirit   .   (no helmet)
rElec    .         Reflect  .   (no cloak)
rCorr    .         Harm     .   (no gloves)
MR       .....                  (no boots)
Stlth    ++........             (no amulet)
HPRegen  0.12/turn              l - ring of wizardry
MPRegen  0.10/turn              (no ring)

@: agile
A: small, carnivore
a: Depart the Abyss, Bend Space, Renounce Religion


You were on level 5 of the Dungeon.
You worshipped Lugonu.
Lugonu was pleased with you.
You were hungry.

You visited 1 branch of the dungeon, and saw 6 of its levels.
You visited the Abyss 1 time.

You collected 233 gold pieces.

Inventory:

Hand Weapons
 a - a +1 short sword
 h - a +2 dagger of venom (weapon)
Missiles
 e - 14 poisoned needles
 i - 3 needles of sleeping
Armour
 b - a +0 leather armour
 d - a +0 ring mail (worn)
Jewellery
 l - a ring of wizardry (left hand)
Scrolls
 g - 2 scrolls of identify
 k - 2 scrolls of remove curse
Potions
 f - a potion of berserk rage {unknown}
 j - a potion of magic
Comestibles
 c - 5 rations


   Skills:
 - Level 4.0 Fighting
 * Level 7.6 Short Blades
 - Level 0.7 Armour
 + Level 3.9 Dodging
 - Level 2.0 Invocations


You had 2 spell levels left.
You knew the following spells:

 Your Spells              Type           Power        Failure   Level  Hunger
a - Confuse               Hex            #.......     63%         3    ####...

Your spell library contained the following spells:

 Spells                   Type           Power        Failure   Level  Hunger
 Confusing Touch          Hex            #.....       28%         1    ##.....
 Gell's Gravitas          Tloc           #.........   63%         3    ####...
 Petrify                  Tmut/Erth      #.......     95%         4    #####..
 Metabolic Englaciation   Hex/Ice        #.........   100%        5    ######.
 Yara's Violent Unravell  Hex/Tmut       #.........   100%        5    ######.


Dungeon Overview and Level Annotations

Branches:
Dungeon (6/15)
 Temple: D:4-7

Altars:
Yredelemnul

Annotations:
D:2 1 runed translucent door


Innate Abilities, Weirdness & Mutations

You are small and have problems with some larger weapons.
You are carnivorous and can eat meat at any time.


Message History

The phantom hits you but does no damage.
You miss the phantom.
The phantom is moderately damaged.
You miss the phantom.
The phantom is moderately damaged.
The phantom misses you.
You hit the phantom.
The phantom is moderately damaged.
The phantom hits you.
* * * LOW HITPOINT WARNING * * *
The phantom blinks!
The phantom blinks!
Found a sapphire potion.
A leopard gecko and a skeleton come into view.
You see here a sapphire potion.
f - a sapphire potion The phantom hits you.
* * * LOW HITPOINT WARNING * * *
The phantom hits you.
You die...

####.........##.#
........##...# .#
.....##.#..#.# .#
.........##.# .#
###....###.# .#
###......# #.#
........## #.#
###....W####.##.
........@.......
........####.##.
###......
#.......
#........
#.####.... ...
..... ..


lZ.... You could see a phantom.

Vanquished Creatures
  A bullfrog (D:6)
  A jelly (D:6)
  Natasha (thrice) (D:2)
  2 worker ants (D:6)
  A hound skeleton (D:6)
  3 adders (D:2)
  An ooze (D:3)
  2 worms
  2 dart slugs
  2 leopard geckos
  2 orcs
  9 bats
  2 giant cockroaches
  7 goblins
  5 hobgoblins
  5 jackals
  A quokka (D:2)
  A ball python (D:3)
  3 frilled lizards
  A jackal skeleton (D:2)
  A jackal zombie (D:2)
  6 kobolds
  A leopard gecko skeleton (D:6)
  5 rats
67 creatures vanquished.

Notes
Turn   | Place    | Note
-------+----------+-------------------------------------------
     0 | Abyss:1  | TheGoonsmith the Kobold Abyssal Knight began the quest for
                  | the Orb.
     0 | Abyss:1  | Reached XP level 1. HP: 14/14 MP: 2/2
    44 | Abyss:1  | Noticed a small abomination
    46 | D:1      | Escaped the Abyss
   108 | D:1      | Reached skill level 3 in Short Blades
   188 | D:1      | Reached XP level 2. HP: 15/19 MP: 3/3
   205 | D:1      | Reached * piety under Lugonu
   237 | D:1      | Reached skill level 4 in Short Blades
   430 | D:1      | Reached XP level 3. HP: 22/23 MP: 4/4
   907 | D:2      | Reached skill level 5 in Short Blades
   974 | D:2      | Reached XP level 4. HP: 23/28 MP: 5/5
   986 | D:2      | Noticed Natasha
  1000 | D:2      | Killed Natasha
  1097 | D:2      | Found a runed translucent door.
  1098 | D:2      | Noticed a human
  1111 | D:2      | Reached skill level 6 in Short Blades
  1128 | D:2      | Found a basalt altar of Yredelemnul.
  1227 | D:2      | Reached ** piety under Lugonu
  1353 | D:2      | Reached XP level 5. HP: 32/32 MP: 6/6
  1391 | D:2      | Noticed Natasha
  1400 | D:2      | Killed Natasha
  1637 | D:2      | Noticed Natasha
  1646 | D:2      | Killed Natasha
  1950 | D:3      | Learned a level 3 spell: Confuse
  2469 | D:4      | You fall through a shaft for 2 floors!
  2517 | D:6      | Reached XP level 6. HP: 34/38 MP: 7/7
  2630 | D:6      | Reached skill level 7 in Short Blades
  2944 | D:5      | Entered Level 5 of the Dungeon
  2945 | D:5      | Noticed a phantom
  3000 | D:5      | Slain by a phantom

Skill      XL: |  1  2  3  4  5  6 |
---------------+-------------------+-----
Short Blades   | 3 4 5 6 7 |  7.6
Dodging        | 3 |  3.9
Fighting       | 4 |  4.0
Armour         | |  0.7
Invocations    | |  2.0

Action                   |  1- 3 |  4- 6 || total
-------------------------+-------+-------++-------
Melee: Short sword       |    75 |       ||    75
       Dagger            |    26 |   207 ||   233
Invok: Depart the Abyss  |     1 |       ||     1
  Use: Scroll            |       |     9 ||     9
       Potion            |       |     2 ||     2
  Eat: Chunk             |       |     6 ||     6
Armor: Ring mail         |    22 |    36 ||    58
       Leather armour    |     5 |       ||     5
Dodge: Dodged            |    78 |   112 ||   190
